 Dungeon Crawl Stone Soup version 0.17-a0-1900-g45e8110 (webtiles) character file.

173 kae the Archer (level 5, -2/34 HPs)
             Began as a High Elf Hunter on Sept 24, 2015.
             Slain by Ijyb
             ... wielding a +6 dagger of holy wrath
              (5 damage)
             ... on level 3 of the Dungeon.
             The game lasted 00:05:10 (4362 turns).

kae the Archer (High Elf Hunter)                    Turns: 4362, Time: 00:05:11

Health: -2/34      AC:  3    Str: 11    XL:     5   Next: 28%
Magic:  6/6        EV: 18    Int: 14    God:
Gold:   121        SH:  0    Dex: 22    Spells: 0 memorised, 4 levels left

rFire  . . .     SeeInvis .     a - +1 shortbow
rCold  . . .     Clarity  .     d - +0 leather armour
rNeg   . . .     SustAt   .     (no shield)
rPois  .         Gourm    .     (no helmet)
rElec  .         Spirit   .     (no cloak)
rCorr  .         Warding  .     (no gloves)
rMut   .         Stasis   .     (no boots)
MR     .....                    (no amulet)
Stlth  +++.......               (no ring)
                                (no ring)

@: agile, flying, not resistant to hostile enchantments, fairly stealthy
A: no striking features
a: no special abilities


You were on level 3 of the Dungeon.
You were not hungry.

You visited 1 branch of the dungeon, and saw 3 of its levels.

You collected 121 gold pieces.

Inventory:

Hand weapons
 a - a +1 shortbow (weapon)
 b - a +0 short sword
Missiles
 c - 32 arrows (quivered)
Armour
 d - a +0 leather armour (worn)
Magical devices
 e - a wand of slowing (18)
Scrolls
 f - 2 scrolls of teleportation
 i - a scroll of enchant armour {unknown}
 m - a scroll of identify {unknown}
Comestibles
 g - a chunk of flesh
 h - 2 meat rations
 j - 2 beef jerkies
 z - 3 bread rations


   Skills:
 - Level 2.0 Fighting
 + Level 8.7 Bows
 - Level 2.1 Dodging
 - Level 1.1 Stealth


You had 4 spell levels left.
You didn't know any spells.

Dungeon Overview and Level Annotations

Branches:
Dungeon (3/15)

Altars:

Annotations:
D:2 Sigmund
D:3 exclusion: phantom, Ijyb


Message History

It was a potion of agility.
You feel agile all of a sudden. Ijyb closely misses you.
Drink which item? (? for menu, Esc to quit)
It was a potion of flight.
You feel very buoyant.
You fly up into the air.
Ijyb hits you but does no damage.
Firing (i - inventory):
c - 34 arrows (quivered)
Press: ? - help, Shift-Dir - straight line, f/p - Ijyb
Aim: Ijyb, wielding a dagger of holy wrath and wearing a runed chain mail (lightly wounded)
You shoot an arrow. The arrow closely misses Ijyb.
Ijyb hits you with a dagger of holy wrath!
* * * LOW HITPOINT WARNING * * *
Firing (i - inventory):
c - 33 arrows (quivered)
Press: ? - help, Shift-Dir - straight line, f/p - Ijyb
Aim: Ijyb, wielding a dagger of holy wrath and wearing a runed chain mail (lightly wounded)
You shoot an arrow. The arrow hits Ijyb but does no damage.
Ijyb is lightly wounded.
Ijyb hits you with a dagger of holy wrath.
You die...

####### .......
#########.......
#....@g(....(...
#.#######.......
#.#######.............
#.......#.............
#.......####..........
#.......# #..........
#.......# #..........
#.......# #..........
#.......# #..........


You could see Ijyb.

Vanquished Creatures
  Terence (D:2)
  3 adders
  A gnoll (D:1)
  An ooze (D:1)
  5 worms
  4 giant geckos
  9 orcs (D:3)
  A ball python (D:1)
  10 goblins
  10 hobgoblins
  5 jackals (D:2)
  7 kobolds
  2 quokkas (D:2)
  8 bats
  A giant cockroach (D:3)
  5 giant newts
  7 rats
80 creatures vanquished.

Notes
Turn   | Place    | Note
--------------------------------------------------------------
     0 | D:1      | kae the High Elf Hunter began the quest for the Orb.
     0 | D:1      | Reached XP level 1. HP: 14/14 MP: 2/2
   561 | D:1      | Reached XP level 2. HP: 19/19 MP: 3/3
   577 | D:1      | Reached skill level 6 in Bows
  1088 | D:1      | Reached XP level 3. HP: 17/24 MP: 4/4
  2141 | D:2      | Reached skill level 7 in Bows
  2711 | D:2      | Reached XP level 4. HP: 29/29 MP: 5/5
  2974 | D:2      | Noticed Sigmund
  3814 | D:2      | Reached skill level 8 in Bows
  3854 | D:2      | Noticed Terence
  3873 | D:2      | Killed Terence
  3994 | D:3      | Reached XP level 5. HP: 22/34 MP: 6/6
  4144 | D:3      | Noticed a phantom
  4339 | D:3      | Noticed Ijyb
  4362 | D:3      | Slain by Ijyb

Vault maps used:
D:1:      saegor_arrival_simple_b
D:2:      uniq_sigmund, uniq_terence
D:3:      first_bread, hex_medium, uniq_iyjb

Action                   |  1- 3 |  4- 6 || total
-------------------------+-------+-------++-------
Melee: Short sword       |   175 |    69 ||   244
 Fire: Shortbow          |    27 |    89 ||   116
  Use: Scroll            |       |     5 ||     5
       Potion            |       |     2 ||     2
 Stab: Sleeping          |     5 |     3 ||     8
  Eat: Chunk             |     6 |     5 ||    11
